 Dungeon Crawl Stone Soup version 0.17.0-28-g6e173f8 (webtiles) character file.

39 M4edhros the Sneak (level 3, 0/26 HPs)
             Began as an Octopode Wanderer on Nov 26, 2015.
             Succumbed to an adder's poison
             ... on level 1 of the Dungeon.
             The game lasted 00:01:20 (948 turns).

M4edhros the Sneak (Octopode Wanderer)               Turns: 948, Time: 00:01:20

Health: 0/26       AC:  1    Str: 12    XL:     3   Next: 47%
Magic:  3/3        EV: 11    Int: 13    God:
Gold:   29         SH:  0    Dex: 12    Spells: 0 memorised, 2 levels left

rFire  . . .     SeeInvis .     f - +0 dagger
rCold  . . .     Clarity  .     (no shield)
rNeg   . . .     SustAt   .     (helmet restricted)
rPois  .         Gourm    .     (no amulet)
rElec  .         Spirit   .     (no ring)
rCorr  .         Warding  .     (no ring)
rMut   .         Stasis   .     (no ring)
MR     .....                    (no ring)
Stlth  ++++......               (no ring)
                                (no ring)
                                (no ring)
                                (no ring)

@: lethally poisoned (0 -> -9), very slightly contaminated, not resistant to
hostile enchantments, stealthy
A: almost no armour, amphibious, 8 rings, constrict 8, camouflage 1, gelatinous
body 1
a: no special abilities


You were on level 1 of the Dungeon.
You were not hungry.

You visited 1 branch of the dungeon, and saw 2 of its levels.

You collected 29 gold pieces.

Inventory:

Hand Weapons
 e - a +0 club
 f - a +0 dagger (weapon)
Scrolls
 d - 2 scrolls of teleportation
 h - a scroll of remove curse
Comestibles
 g - a bread ration


   Skills:
 - Level 3.0 Fighting
 - Level 1.0 Dodging
 + Level 6.1 Stealth
   Level 1.0 Shields
 - Level 2.0 Unarmed Combat


You had 2 spell levels left.
You didn't know any spells.

Dungeon Overview and Level Annotations

Branches:
Dungeon (2/15)

Altars:


Innate Abilities, Weirdness & Mutations

You cannot wear most types of armour.
You are amphibious.
You can wear up to eight rings at the same time.
You can use your tentacles to constrict eight enemies at once.
Your skin changes colour to match your surroundings (Stealth).
Your rubbery body absorbs attacks (AC +1).


Message History

* * * LOW HITPOINT WARNING * * *
You feel sick. The goblin hits you with a club.
* * * LOW HITPOINT WARNING * * *
Read which item? (? for menu, Esc to quit)
As you read the scroll labeled QAOXOL AKHLOS, it crumbles to dust.
The scroll dissolves into smoke.
It was a scroll of fog.
* * * LOW HITPOINT WARNING * * *
You feel sick. The goblin hits you but does no damage.
You aren't carrying any potions.
You aren't carrying any items that can be evoked.
Read which item? (? for menu, Esc to quit)
Blink to where?
Press: ? - help, Dir - move target cursor You are very lightly contaminated with residual magic.
As you read the scroll of blinking, it crumbles to dust.
* * * LOW HITPOINT WARNING * * *
You feel sick.
You climb upwards.
A hobgoblin comes into view. It is wielding a club.
You die...

########## #........#
###........#
...........#
.........[.#
#########
...g.......#
#........
...........#
#.#######
......!@...# #.#
###........# #.#
########## #.#
#######.####
...........#
#.###....##.#
######.#####...#)####
#≈≈≈≈♣≈♣≈≈≈#...#.#...
#≈..P...P.≈#..##.#.##


You could see a hobgoblin (sleeping).

Vanquished Creatures
  An adder (D:2)
  A worm (D:2)
  A giant gecko (D:1)
  A ball python (D:1)
  3 bats
  A giant cockroach (D:1)
  5 goblins
  3 jackals (D:1)
  5 kobolds
  4 rats
25 creatures vanquished.

Vanquished Creatures (others)
  5 toadstools (D:1)
5 creatures vanquished.

Grand Total: 30 creatures vanquished

Notes
Turn   | Place    | Note
--------------------------------------------------------------
     0 | D:1      | M4edhros the Octopode Wanderer began the quest for the Orb.
     0 | D:1      | M4edhros set off with: a scroll of blinking, a potion of berserk rage, a potion of lignification, a scroll of teleportation, a +0 club, a +0 dagger, a bread ration
     0 | D:1      | Reached XP level 1. HP: 16/16 MP: 1/1
   231 | D:1      | Reached XP level 2. HP: 17/21 MP: 2/2
   341 | D:1      | Reached skill level 5 in Stealth
   588 | D:2      | Reached XP level 3. HP: 24/26 MP: 3/3
   636 | D:2      | Reached skill level 6 in Stealth
   947 | D:2      | HP: 1/26 [poisoned by an adder]
   948 | D:1      | Succumbed to an adder's poison

Action                   || total
-------------------------++-------
Melee: Dagger            ||    76
  Use: Scroll            ||     3
       Potion            ||     3
 Stab: Sleeping          ||    10
  Eat: Chunk             ||     1
